 Dungeon Crawl Stone Soup version 0.29-a0-723-gce39da1c22 (webtiles) character file.

Game seed: 1236333258795785900

1337 avis the Cleaver (level 8, -1/74 HPs)
             Began as a Hill Orc Monk on June 28, 2022.
             Was a Priest of Beogh.
             Slain by a goblin
             ... wielding a +0 spear
              (4 damage)
             ... on level 7 of the Dungeon on June 29, 2022.
             The game lasted 00:29:35 (7991 turns).

avis the Cleaver (Hill Orc Monk)                    Turns: 7991, Time: 00:29:36

Health: -1/74      AC:  8    Str: 16    XL:     8   Next: 61%
Magic:  8/8        EV: 10    Int: 10    God:    Beogh [***...]
Gold:   305        SH:  0    Dex: 19    Spells: 7/7 levels left

rFire   . . .      SeeInvis .   a - +0 hand axe (drain)
rCold   . . .      Faith    .   (no shield)
rNeg    . . .      Spirit   .   K - +0 scale mail {rPois}
rPois   +          Reflect  .   (no helmet)
rElec   .          Harm     .   I - +0 cloak
rCorr   .          Rampage  .   (no gloves)
Will    .....                   g - +0 pair of boots
Stlth   +.........              (no amulet)
HPRegen 0.22/turn               u - +6 ring of dexterity
MPRegen 0.11/turn               (no ring)

@: invisible
A: no striking features
a: Renounce Religion, Smiting


You were on level 7 of the Dungeon.
You worshipped Beogh.
Beogh was most pleased with you.
You visited 2 branches of the dungeon, and saw 8 of its levels.

You collected 305 gold pieces.

Inventory:

Hand Weapons
 a - a +0 hand axe of draining (weapon)
 b - a +0 vorpal mace
 h - a +0 spear
 r - a +0 sling
 G - a +0 spear
 J - a +0 spear
Missiles
 k - 86 stones
 p - a throwing net (quivered)
 y - 19 poisoned darts
Armour
 g - a +0 pair of boots (worn)
 I - a +0 cloak (worn)
 K - a +0 scale mail of poison resistance (worn)
Jewellery
 u - a +6 ring of dexterity (left hand)
 v - a ring of protection from cold
 H - a +6 ring of intelligence
Wands
 d - a wand of charming (12)
 O - a wand of iceblast (15)
Scrolls
 c - 2 scrolls of vulnerability {unknown}
 j - 3 scrolls of teleportation {unknown}
 l - a scroll of silence {unknown}
 q - a scroll of immolation {unknown}
 s - a scroll of torment {unknown}
 t - 3 scrolls of brand weapon {unknown}
 w - 6 scrolls of identify {unknown}
 A - 3 scrolls of blinking {unknown}
 D - a scroll of amnesia {unknown}
 E - a scroll of poison {unknown}
 P - a scroll of summoning {unknown}
Potions
 f - a potion of berserk rage {unknown}
 i - a potion of flight
 n - 2 potions of brilliance {unknown}
 o - a potion of cancellation {unknown}
 x - a potion of resistance {unknown}
 z - 2 potions of haste {unknown}
 B - a potion of mutation {unknown}
 C - a potion of lignification {unknown}


   Skills:
 + Level 7.9 Fighting
 * Level 11.5 Axes
 - Level 2.4 Dodging
 - Level 1.5 Stealth


You had 7 spell levels left.
You didn't know any spells.
Your spell library contained the following spells:

 Spells                   Type           Power      Damage    Failure   Level
 Sandblast                Erth           0%         2d4       82%         1
 Shock                    Conj/Air       0%         1d3       82%         1
 Passwall                 Tmut/Erth      0%         N/A       91%         2
 Static Discharge         Conj/Air       0%         N/A       91%         2
 Stone Arrow              Conj/Erth      0%         3d7       99%         3
 Swiftness                Air            0%         N/A       99%         3
 Airstrike                Air            0%         N/A       100%        4
 Dispel Undead            Necr           0%         3d6       100%        4
 Sticky Flame             Conj/Fire      0%         2d3       100%        4


Dungeon Overview and Level Annotations

Branches:
Dungeon (7/15)             Temple (1/1) D:5

Altars:
Cheibriados
Xom
Zin

Shops:
D:5 [   D:6 :

Annotations:
D:2 1 runed translucent door, exclusion: door


Message History

* * * LOW HITPOINT WARNING * * *
Something draws strength from your injuries!
The goblin barely misses you. x2; The goblin hits you but does no damage. x2
You feel better. Something hits you.
* * * LOW HITPOINT WARNING * * *
Something bites you.
* * * LOW HITPOINT WARNING * * *
Something draws strength from your injuries!
The goblin hits you but does no damage. The goblin misses you.
The goblin closely misses you. The goblin hits you but does no damage.
You feel better. Something hits you.
* * * LOW HITPOINT WARNING * * *
Something completely misses you.
The goblin hits you but does no damage. x2
The goblin hits you from afar with a +0 spear.
* * * LOW HITPOINT WARNING * * *
The goblin closely misses you.
You fade into invisibility!
Something hits you but does no damage. Something bites you but does no damage.
The goblin hits you but does no damage. The goblin barely misses you. x2
The goblin hits you from afar with a +0 spear.
* * * LOW HITPOINT WARNING * * *
You feel better. Something hits you.
* * * LOW HITPOINT WARNING * * *
Something completely misses you. The goblin barely misses you.
The goblin closely misses you. The goblin hits you but does no damage.
The goblin hits you from afar with a +0 spear.
* * * LOW HITPOINT WARNING * * *
You feel better. Something hits you.
* * * LOW HITPOINT WARNING * * *
Something completely misses you. The goblin hits you but does no damage.
The goblin hits you from afar with a +0 spear.
* * * LOW HITPOINT WARNING * * *
The goblin misses you. The goblin barely misses you.
You barely miss something. Something hits you but does no damage.
Something bites you!
* * * LOW HITPOINT WARNING * * *
Something draws strength from your injuries!
The goblin misses you.
The goblin hits you from afar with a +0 spear.
You die...

≈≈. .....+
####≈. .....#
..#≈.#+#.....#
..≈..........
#≈..........
#####≈ggg.......
≈≈≈≈≈≈g.o.......
(......o@{......
...#..ooo######
######.....#
#..........#
#.....###+##
#.....# #.....#
#....o#
#....o#######


You could see 4 goblins, a friendly orc warrior, a friendly orc priest and 3
friendly orcs.

Vanquished Creatures
  A wraith (D:7)
  Duvessa (D:6)
  A black bear (D:6)
  2 ogres
  2 phantoms
  A kobold brigand (D:4)
  A scorpion (D:5)
  Dowan (D:6)
  A howler monkey (D:4)
  An orc priest (D:5)
  A jelly (D:6)
  3 gnoll shamans
  Terence (D:2)
  2 iguanas
  2 orc wizards
  15 gnolls
  5 adders
  A white imp (D:6)
  A worm (D:2)
  18 orcs
  7 ball pythons
  4 endoplasms
  5 giant cockroaches
  3 goblins
  9 hobgoblins
  2 jackals (D:3)
  7 kobolds
  2 quokkas
  4 bats
  2 frilled lizards
  A rat (D:1)
107 creatures vanquished.

Vanquished Creatures (collateral kills)
  A jelly (D:6)
  2 gnolls (D:6)
  A white imp (D:6)
4 creatures vanquished.

Vanquished Creatures (others)
  A goblin (D:3)
  A rat (D:3)
2 creatures vanquished.

Grand Total: 113 creatures vanquished

Notes
Turn   | Place    | Note
-------+----------+-------------------------------------------
     0 | D:1      | avis the Hill Orc Monk began the quest for the Orb.
     0 | D:1      | Reached XP level 1. HP: 19/19 MP: 1/1
   293 | D:1      | Reached XP level 2. HP: 27/27 MP: 2/2
   315 | D:1      | Found a faded altar of an unknown god.
  1112 | D:2      | Found a runed translucent door.
  1149 | D:2      | Reached skill level 5 in Axes
  1163 | D:2      | Found a shimmering altar of Xom.
  1232 | D:2      | Noticed Terence
  1268 | D:2      | Killed Terence
  1269 | D:2      | Reached XP level 3. HP: 13/34 MP: 3/3
  1562 | D:2      | Reached XP level 4. HP: 23/41 MP: 4/4
  1583 | D:1      | HP: 2/41 [gnoll/+0 club (4)]
  1892 | D:2      | Reached skill level 6 in Axes
  2725 | D:3      | Became a worshipper of Beogh the Brigand
  2725 | D:3      | Reached * piety under Beogh
  2725 | D:3      | Reached ** piety under Beogh
  3064 | D:3      | Reached XP level 5. HP: 47/47 MP: 5/5
  3603 | D:4      | Reached skill level 5 in Fighting
  3882 | D:4      | Reached skill level 7 in Axes
  4620 | D:4      | Noticed a kobold brigand
  4638 | D:4      | Killed a kobold brigand
  4639 | D:4      | Reached XP level 6. HP: 33/56 MP: 6/6
  4861 | D:5      | Entered Level 5 of the Dungeon
  5116 | D:5      | Reached skill level 8 in Axes
  5181 | D:5      | Reached XP level 7. HP: 4/63 MP: 7/7
  5182 | D:5      | HP: 3/63 [orc/+0 club (2)]
  5379 | D:5      | Found a staircase to the Ecumenical Temple.
  5388 | Temple   | Entered the Ecumenical Temple
  5508 | D:5      | Reached *** piety under Beogh
  5577 | D:5      | Reached skill level 9 in Axes
  6292 | D:5      | Found Ithrer's Antique Armour Shoppe.
  6348 | D:5      | Found a snail-covered altar of Cheibriados.
  6522 | D:6      | Reached skill level 10 in Axes
  6670 | D:6      | Noticed Duvessa
  6670 | D:6      | Noticed Dowan
  6701 | D:6      | Killed Duvessa
  6702 | D:6      | Reached XP level 8. HP: 61/73 MP: 8/8
  6711 | D:6      | Killed Dowan
  6777 | D:6      | Found a glowing silver altar of Zin.
  6778 | D:6      | Noticed an angel
  6781 | D:6      | Found a shimmering altar of Xom.
  7117 | D:6      | Reached skill level 11 in Axes
  7548 | D:6      | Found Tathrir's Book Emporium.
  7927 | D:7      | Noticed a wraith
  7940 | D:7      | Killed a wraith
  7966 | D:7      | Noticed a vampire
  7991 | D:7      | HP: 3/74 [something (11)]
  7991 | D:7      | Slain by a goblin

Illustrated notes

Levels and vault maps discovered:
D:1:      matt_arrival_spirals, layout_basic, shapermc_ecumenical_altar_pompeii,
          corexii_leaking_fountain, minmay_strange_pillars
D:2:      layout_basic, basic_altar, minmay_increasing_density, uniq_terence,
          uniq_crazy_yiuf_cottage
D:3:      layout_basic
D:4:      layout_loops_ring, nrook_campfire, minmay_misc_feat_hallway,
          minmay_small_thing
D:5:      layout_basic, general_overflow_altar, minmay_temple_entry_mini_moons,
          serial_shops, shop, minmay_misc_feat_x
D:6:      layout_loops_ring, grunt_temple_overflow_order_and_chaos_1,
          serial_shops, nicolae_inconvenience_store, uniq_duvessa
D:7:      layout_gridville, enter_bailey_3
Temple:   bh_familiar_temple

Skill      XL: |  1  2  3  4  5  6  7  8 |
---------------+-------------------------+-----
Fighting       | 4 5 6 7 |  7.9
Axes           | 5 6 7 8 10 11 | 11.5
Dodging        | |  2.4
Stealth        | |  1.5

Action                   |  1- 3 |  4- 6 |  7- 9 || total
-------------------------+-------+-------+-------++-------
Melee: Hand axe          |    93 |   236 |   181 ||   510
       Punch             |     1 |     1 |     2 ||     4
 Fire: Sling             |       |     1 |       ||     1
Throw: Throwing net      |       |     1 |       ||     1
Invok: Convert to Beogh  |       |     1 |       ||     1
  Use: Potion            |     3 |       |    10 ||    13
 Stab: Held in net/web   |       |     1 |       ||     1
       Distracted        |       |       |     2 ||     2
Armor: Scale mail        |    34 |    83 |    74 ||   191
Dodge: Dodged            |    40 |    95 |    88 ||   223

Table legend: (Time is in decaauts)
 A = Elapsed time spent in this place.
 B = Non-inter-level travel time spent in this place.
 C = Inter-level travel time spent in this place.
 D = Time resting spent in this place.
 E = Time spent auto-exploring this place.
 F = Levels seen in this place.
 G = Mean time per level.
                   A        B        C        D        E       F      G
               +--------+--------+--------+--------+--------+-----+--------+
         Total |   7962 |   7113 |    849 |   1854 |   3628 |   8 |  995.2 |
       Dungeon |   7944 |   7095 |    849 |   1854 |   3628 |   7 | 1134.9 |
        Temple |     18 |     18 |      0 |      0 |      0 |   1 |   18.0 |
               +--------+--------+--------+--------+--------+-----+--------+

Top non-repeatable levels by time:
     D:5: 1586 daAuts
     D:1: 1523 daAuts
     D:4: 1342 daAuts
     D:2: 1228 daAuts
     D:6: 1189 daAuts
     D:3: 932 daAuts
     D:7: 140 daAuts
  Temple: 18 daAuts
